 Dungeon Crawl Stone Soup version 0.32-a0-312-g1d7162e751 (webtiles) character file.

Game seed: 6489937640206973790

7758 Nattfarinn the Grappler (level 11, -1/70 HPs)
             Began as an Octopode Shapeshifter on Feb 15, 2024.
             Was an Elder of Wu Jian.
             Slain by a vampire (11 damage)
             ... on level 9 of the Dungeon.
             The game lasted 00:26:04 (9509 turns).

Nattfarinn the Grappler (Octopode Shapeshifter)     Turns: 9509, Time: 00:26:04

Health: -1/70      AC:  1    Str: 23    XL:     11   Next: 20%
Magic:  11/11      EV: 17    Int: 11    God:    Wu Jian [****..]
Gold:   445        SH:  0    Dex: 16    Spells: 10/10 levels left

rFire   + . .        l - melded +2 short sword (venom)
rCold   + . .        (shield currently unavailable)
rNeg    . . .        (helmet restricted)
rPois   +            E - amulet of regeneration
rElec   +            n - ring of poison resistance
rCorr   +            a - +6 ring of strength
SInv    .            (no ring)
Will    .....        (no ring)
Stlth   +            (no ring)
HPRegen 1.11/turn    (no ring)
MPRegen 0.12/turn    (no ring)
                     (no ring)

%: no passive effects
@: confused, mighty, brilliant, flux-form, resistant, glowing
A: glow, contaminating, almost no armour, amphibious, 8 rings, camouflage 1,
gelatinous body 1, (nimble swimmer 1), tentacles, agile 1, deterioration 1,
frail 1
a: Begin Untransformation, Renounce Religion, Wall Jump, Serpent's Lash


You were on level 9 of the Dungeon.
You worshipped Wu Jian.
Wu Jian was greatly pleased with you.
You were something dangerously unstable.
You visited 2 branches of the dungeon, and saw 10 of its levels.
You also visited: Sewer and Bailey.

You collected 467 gold pieces.
You spent 22 gold pieces at shops.

Inventory:

Hand Weapons
 l - a +2 short sword of venom (melded)
Jewellery
 a - a +6 ring of strength (right tentacle)
 n - a ring of poison resistance (left tentacle)
 E - an amulet of regeneration (around mantle)
Talismans
 b - a beast talisman
 c - a flux talisman (active)
Wands
 w - a wand of paralysis (21)
 y - a wand of light (12)
Scrolls
 g - 3 scrolls of fear
 m - a scroll of revelation
 o - 6 scrolls of enchant armour
 p - 3 scrolls of vulnerability
 q - 5 scrolls of enchant weapon
 r - 3 scrolls of teleportation
 s - a scroll of silence {unknown}
 t - 2 scrolls of amnesia
 x - 2 scrolls of brand weapon
 z - 2 scrolls of immolation {unknown}
 A - a scroll of acquirement {unknown}
 D - a scroll of butterflies {unknown}
Potions
 d - 2 potions of resistance
 e - 2 potions of curing {unknown}
 f - 3 potions of ambrosia
 h - 3 potions of heal wounds {unknown}
 i - 2 potions of attraction {unknown}
 j - 2 potions of magic {unknown}
 k - 4 potions of might
 u - a potion of cancellation {unknown}
 v - 3 potions of brilliance
 B - 3 potions of mutation
 C - 2 potions of haste {unknown}
 F - 2 potions of invisibility {unknown}


   Skills:
 + Level 8.9 Fighting
 - Level 2.0 Dodging
 * Level 12.6 Unarmed Combat
 - Level 7.8 Shapeshifting


You had 10 spell levels left.
You didn't know any spells.
Your spell library contained the following spells:

 Spells                   Type           Power      Damage    Failure   Level
 Sandblast                Erth           0%         2d4       34%         1
 Jinxbite                 Hex            0%         N/A       47%         2
 Lesser Beckoning         Tloc           0%         N/A       47%         2
 Dazzling Flash           Conj/Hex       0%         N/A       71%         3
 Gell's Gravitas          Tloc           0%         N/A       71%         3
 Hailstorm                Conj/Ice       0%         3d5       71%         3
 Passwall                 Erth           0%         N/A       71%         3
 Stone Arrow              Conj/Erth      0%         3d7       71%         3
 Summon Ice Beast         Ice/Summ       0%         N/A       71%         3
 Teleport Other           Tloc           0%         N/A       71%         3
 Volatile Blastmotes      Fire/Tloc      0%         2d10      71%         3
 Brom's Barrelling Bould  Conj/Erth      0%         2d3       98%         4
 Yara's Violent Unravell  Hex/Alch       0%         3d3       100%        5
 Sculpt Simulacrum        Ice/Alch       0%         N/A       100%        6
 Starburst                Conj/Fire      0%         6d3       100%        6
 Enfeeble                 Hex            0%         N/A       100%        7
 Maxwell's Capacitive Co  Air            0%         ∞         100%        8


Dungeon Overview and Level Annotations

Branches:
Dungeon (9/15)             Temple (1/1) D:6            Lair (0/5) D:9
  Sewer (visited)          Bailey (visited)
    Orc: D:9-12

Altars:
Ashenzari
Cheibriados
Dithmenos
Elyvilon
Fedhas
Gozag
Hepliaklqana
Makhleb
Nemelex Xobeh
Okawaru
Qazlal
Ru
Sif Muna
Trog
Uskayaw
Vehumet
Wu Jian
Xom
Zin

Shops:
D:1 :   D:3 ?   D:4 *   D:7 *

Annotations:
D:5 3 runed translucent doors, mn3067's ghost, novice TrFi
D:7 2 transporters, feta's ghost, novice TrSh


Innate Abilities, Weirdness & Mutations

You are something dangerously unstable.
You glow with magical radiation, making you easy to see and hit.
Foes you strike become dangerously contaminated with magical radiation.
You are incapable of wielding weapons or throwing items.
You cannot wear most types of armour.
You are amphibious.
You can wear up to eight rings at the same time.
Your skin changes colour to match your surroundings (Stealth+).
Your rubbery body absorbs attacks. (AC +1, EV +1)
((You are camouflaged when in or above water. (Stealth+)))
You have tentacles for arms and can constrict up to eight enemies at once.
You are agile. (Dex +4, Str/Int -1)
Your body sometimes deteriorates upon taking damage.
You are frail. (-10% HP)


Message History

The vampire draws strength from your injuries!
You bump into the rock wall.
The vampire misses you. The vampire bites you.
The vampire draws strength from your injuries!
The vampire hits you!
* * * LOW HITPOINT WARNING * * *
The vampire barely misses you.
You see here a yak corpse.
Unknown command.
It was a potion of ambrosia.
You are more confused.
You feel invigorated. The vampire casts a spell at you.
You resist with some effort.
You're too confused to move!
The vampire hits you. The vampire bites you.
The vampire draws strength from your injuries!
The vampire mumbles some strange words.
The vampire flickers and vanishes!
Deactivating autopickup; reactivate with Ctrl-A.
Something hits you! Something bites you!
* * * LOW HITPOINT WARNING * * *
Something draws strength from your injuries!
You see here a yak corpse.
It was a potion of resistance.
You feel protected.
You feel less invigorated. Something hits you.
* * * LOW HITPOINT WARNING * * *
Something bites you.
* * * LOW HITPOINT WARNING * * *
Something draws strength from your injuries!
It was a potion of mutation.
You feel extremely strange.
You feel frail.
You feel yourself wasting away.
You feel agile. Something hits you!
* * * LOW HITPOINT WARNING * * *
Something bites you.
* * * LOW HITPOINT WARNING * * *
Something draws strength from your injuries!
It was a potion of brilliance.
You feel clever all of a sudden. Something hits you!
You die...

######.###.### .....P.#
.............# .(.P..#
.............# .....#
.............####...###.+
##########..##.........#
.......###..#.....#....#
.......#...)#.÷...# ...
.......#....#.÷...# .
.......'....'...p.#
.......#....#...{.#
'############.....# ...#
#.....# ...# #.....# ####
#.....# #######


There were no monsters in sight!

Vanquished Creatures
  2 orc knights (Bailey)
  Sigmund (D:6)
  A yak (D:9)
  A wyvern (D:9)
  A steam dragon (D:8)
  Menkaure (D:7)
  Edmund (D:5)
  2 water moccasins (D:6)
  Duvessa (D:4)
  5 black bears
  13 orc warriors
  A sky beast (D:7)
  3 ogres (D:5)
  2 centaurs
  3 bullfrogs
  3 gnoll sergeants
  4 scorpions
  2 brain worms (Sewer)
  19 wights
  Dowan (D:4)
  11 killer bees
  A jelly (D:8)
  5 orc priests
  6 hounds
  3 iguanas (D:5)
  3 sleepcaps
  Natasha (thrice) (D:3)
  4 orc wizards
  Robin (D:4)
  11 gnolls
  9 adders
  A river rat (D:6)
  A white imp (D:8)
  5 dart slugs
  2 ribbon worms (D:2)
  49 orcs
  13 ball pythons
  2 bats (D:2)
  6 endoplasms
  7 giant cockroaches
  21 goblins
  13 hobgoblins
  18 jackals
  2 quokkas (D:1)
  11 frilled lizards
  5 kobolds
  11 rats
291 creatures vanquished.

Notes
Turn   | Place    | Note
-------+----------+-------------------------------------------
     0 | D:1      | Nattfarinn the Octopode Shapeshifter began the quest for
                  | the Orb.
     0 | D:1      | Reached XP level 1. HP: 13/13 MP: 1/1
   153 | D:1      | Found Caiz's Vocational Training.
   160 | D:1      | Reached XP level 2. HP: 18/18 MP: 2/2
   306 | D:1      | Found a faded altar of an unknown god.
   789 | D:2      | Reached XP level 3. HP: 23/23 MP: 3/3
  1139 | D:2      | Reached XP level 4. HP: 24/28 MP: 4/4
  1512 | D:3      | Reached skill level 5 in Shapeshifting
  1588 | D:3      | Found Baebiupno's Magic Scroll Shop.
  1662 | D:3      | Found an opulent altar of Gozag.
  1713 | D:3      | Noticed Natasha
  1721 | D:3      | Killed Natasha
  1722 | D:3      | Reached XP level 5. HP: 17/33 MP: 5/5
  1828 | D:3      | Noticed Natasha
  1834 | D:3      | Killed Natasha
  1946 | D:3      | Noticed Natasha
  1953 | D:3      | Killed Natasha
  2343 | D:4      | Noticed Robin
  2345 | D:4      | Reached XP level 6. HP: 37/38 MP: 6/6
  2355 | D:4      | Killed Robin
  2733 | D:4      | Found Vyxig's General Store.
  2796 | D:4      | Bought a scroll of identify for 22 gold pieces
  2822 | D:5      | Entered Level 5 of the Dungeon
  2963 | D:4      | Noticed Duvessa
  2963 | D:4      | Noticed Dowan
  2976 | D:4      | Killed Duvessa
  2982 | D:4      | Killed Dowan
  2983 | D:4      | Reached XP level 7. HP: 11/43 MP: 7/7
  4291 | D:5      | Reached skill level 4 in Unarmed Combat
  4442 | D:5      | Found a hide-covered altar of Uskayaw.
  4442 | D:5      | Found a stormy altar of Qazlal.
  4442 | D:5      | Found an ornate altar of the Wu Jian Council.
  4447 | D:5      | Reached XP level 8. HP: 44/50 MP: 8/8
  4454 | D:5      | Became a worshipper of the Wu Jian Council
  4495 | D:5      | Reached skill level 5 in Unarmed Combat
  4958 | D:5      | Noticed Edmund
  4965 | D:5      | Killed Edmund
  5142 | D:5      | Reached skill level 6 in Unarmed Combat
  5260 | D:5      | Found a runed translucent gate.
  5260 | D:5      | Found a runed translucent gate.
  5260 | D:5      | Found a runed translucent gate.
  5269 | D:5      | Noticed mn3067's ghost (novice TrFi)
  5575 | D:6      | Reached skill level 7 in Unarmed Combat
  5575 | D:6      | Reached XP level 9. HP: 45/59 MP: 9/9
  5640 | D:6      | Reached * piety under Wu Jian
  5829 | D:6      | Found a glowing drain.
  5833 | D:6      | Reached skill level 5 in Fighting
  5839 | Sewer    | Entered a sewer
  6268 | D:6      | Reached skill level 8 in Unarmed Combat
  6309 | D:6      | Found a broken altar of Ashenzari.
  6369 | D:6      | Found a burning altar of Makhleb.
  6375 | D:6      | Noticed Sigmund
  6378 | D:6      | Killed Sigmund
  6405 | D:6      | Found a staircase to the Ecumenical Temple.
  6414 | Temple   | Entered the Ecumenical Temple
  6438 | D:6      | Reached ** piety under Wu Jian
  6554 | D:6      | Identified the +6 broad axe of Athrain {antimagic, ^Fragile
                  | rPois rCorr}
  6885 | D:6      | Reached skill level 9 in Unarmed Combat
  7141 | D:7      | Reached XP level 10. HP: 69/69 MP: 10/10
  7179 | D:7      | Found a blossoming altar of Fedhas.
  7223 | D:7      | Found Wuezu's Assorted Antiques.
  7269 | D:7      | Noticed Menkaure
  7276 | D:7      | Killed Menkaure
  7277 | D:7      | Reached skill level 10 in Unarmed Combat
  7510 | D:7      | Found a transporter.
  7527 | D:7      | Noticed feta's ghost (novice TrSh)
  7528 | D:7      | Found a bloodstained altar of Trog.
  7537 | D:7      | Noticed a moth of wrath
  7585 | D:7      | Found a transporter.
  8104 | D:8      | Reached skill level 11 in Unarmed Combat
  8117 | D:8      | Reached *** piety under Wu Jian
  8345 | D:9      | Found a flagged portal.
  8356 | Bailey   | Entered a bailey
  8593 | Bailey   | Reached **** piety under Wu Jian
  8606 | Bailey   | Noticed an orc knight
  8869 | Bailey   | Killed an orc knight
  8870 | Bailey   | Reached skill level 12 in Unarmed Combat
  8915 | Bailey   | Noticed an orc knight
  8932 | Bailey   | Killed an orc knight
  8933 | Bailey   | Reached XP level 11. HP: 59/78 MP: 11/11
  9271 | D:9      | Found a staircase to the Lair.
  9508 | D:9      | Gained mutation: You are frail. (-10% HP) [potion of
                  | mutation]
  9508 | D:9      | Gained mutation: Your body sometimes deteriorates upon
                  | taking damage. [potion of mutation]
  9508 | D:9      | Gained mutation: You are agile. (Dex +4, Str/Int -1)
                  | [potion of mutation]
  9509 | D:9      | Slain by a vampire

Illustrated notes

Levels and vault maps discovered:
D:1:      scummos_arrival_star, layout_basic,
          shapermc_ecumenical_altar_mp_ritualfount, nicolae_shop_vocational
D:2:      layout_loops_ring, minmay_circle_x
D:3:      layout_rooms, mainiacjoe_overflow_catwalk, serial_shops,
          nicolae_shop_rolled_up, minmay_misc_feat_tower, minmay_quadrilaterals,
          uniq_natasha
D:4:      cheibrodos_greedy_goblins, layout_basic, serial_shops,
          nicolae_shop_peninsula, st_stairs_3, minmay_strange_pillars,
          kennysheep_generic_room_6, uniq_robin, uniq_duvessa
D:5:      layout_basic, gammafunk_temple_overflow_forgotten,
          gammafunk_ghost_nasty_kobolds, uniq_edmund
D:6:      layout_basic, mainiacjoe_overflow_24_doors,
          nicolae_ashenzari_skybound, minmay_temple_entry_hall,
          mainiacjoe_sewer_entry_somewhere_in_here_1, hangedman_decor_riveting,
          uniq_sigmund
D:7:      layout_cave_pools, mainiacjoe_overflow_alcove_4, serial_shops,
          nicolae_square_shop, gammafunk_ghost_wrathful_warriors, uniq_menkaure
D:8:      nzn_winding_woodlands_medium [nzn_winding_woodlands_5x5_default,
          nzn_winding_woodlands_5x15_sidewinder,
          nzn_winding_woodlands_5x5_open_star,
          nzn_winding_woodlands_5x5_default,
          nzn_winding_woodlands_center_pierced_h,
          nzn_winding_woodlands_5x5_checkerboard,
          nzn_winding_woodlands_5x5_default, nzn_winding_woodlands_5x15_garden,
          nzn_winding_woodlands_5x5_default], layout_cave_pools,
          grunt_temple_overflow_holy_war, hangedman_abyss_or_decor_stabs,
          hangedman_minor_gate_pass, uniq_psyche
D:9:      layout_gridville, david_lair_generic, enter_bailey_3
Temple:   nicolae_temple_bog_church

Skill      XL: |  1  2  3  4  5  6  7  8  9 10 |
---------------+-------------------------------+-----
Shapeshifting  | 4 5 6 7 |  7.8
Fighting       | 2 4 6 8 |  8.9
Unarmed Combat | 4 7 9 12 | 12.6
Dodging        | |  2.0

Action                     |  1- 3 |  4- 6 |  7- 9 | 10-12 || total
---------------------------+-------+-------+-------+-------++-------
  Melee: Unarmed           |    42 |       |   192 |   253 ||   487
         Constrict         |    11 |    32 |    73 |    65 ||   181
         Tentacles         |     9 |    17 |    63 |    61 ||   150
         Punch             |     2 |       |       |       ||     2
         Short sword       |     9 |   119 |    39 |       ||   167
 Invoke: Serpent's Lash    |       |       |       |     2 ||     2
Ability: Lunge             |       |       |    16 |    34 ||    50
         Whirlwind         |       |       |     2 |    21 ||    23
  Evoke: Wand              |       |       |     6 |       ||     6
    Use: Scroll            |       |     5 |     2 |     4 ||    11
         Potion            |       |     1 |     1 |     5 ||     7
   Stab: Sleeping          |     6 |     7 |       |       ||    13
         Invisible         |       |       |     1 |       ||     1
 Armour: Skin              |    15 |    44 |    90 |   128 ||   277
  Dodge: Dodged            |    30 |    65 |   124 |   231 ||   450
   Form: Flux              |       |       |     1 |       ||     1

Table legend: (Time is in decaauts)
 A = Elapsed time spent in this place.
 B = Non-inter-level travel time spent in this place.
 C = Inter-level travel time spent in this place.
 D = Time resting spent in this place.
 E = Time spent auto-exploring this place.
 F = Levels seen in this place.
 G = Mean time per level.
                   A        B        C        D        E       F      G
               +--------+--------+--------+--------+--------+-----+--------+
         Total |   9450 |   9057 |    393 |   1771 |   5058 |  12 |  787.5 |
       Dungeon |   8422 |   8029 |    393 |   1482 |   4755 |   9 |  935.8 |
        Temple |      1 |      1 |      0 |      0 |      0 |   1 |    1.0 |
         Sewer |    388 |    388 |      0 |      0 |    244 |   1 |  388.0 |
        Bailey |    637 |    637 |      0 |    289 |     59 |   1 |  637.0 |
               +--------+--------+--------+--------+--------+-----+--------+

Top non-repeatable levels by time:
     D:5: 1929 daAuts
     D:6: 1299 daAuts
     D:4: 1178 daAuts
     D:7: 969 daAuts
     D:3: 795 daAuts
     D:1: 752 daAuts
     D:2: 742 daAuts
  Bailey: 637 daAuts
     D:9: 603 daAuts
   Sewer: 388 daAuts
     D:8: 152 daAuts
  Temple: 1 daAuts
